 Dungeon Crawl Stone Soup version 0.28-a0-1389-gc726bef33b (webtiles) character file.

Game seed: 17335428292091884408

322 Grim the Cudgeller (level 6, -8/47 HPs)
             Began as a Formicid Fighter on Jan 3, 2022.
             Was a Follower of Zin.
             Mangled by a yak (11 damage)
             ... on level 4 of the Dungeon.
             The game lasted 00:07:08 (4563 turns).

Grim the Cudgeller (Formicid Fighter)               Turns: 4563, Time: 00:07:08

Health: -8/47      AC: 12    Str: 22    XL:     6   Next: 76%
Magic:  7/7        EV:  6    Int:  8    God:    Zin [*.....]
Gold:   63         SH:  4    Dex: 10    Spells: 5/5 levels left

rFire   . . .      SeeInvis +   t - +1 flail (holy)
rCold   . . .      Faith    .   c - +0 buckler
rNeg    . . .      Spirit   .   x - +0 plate armour
rPois   .          Reflect  .   (helmet unavailable)
rElec   .          Harm     .   f - +0 cloak
rCorr   .          Rampage  .   (no gloves)
Will    .....                   (no boots)
Stlth   ..........              s - amulet of the acrobat
HPRegen 0.15/turn               (no ring)
MPRegen 0.10/turn               (no ring)

@: no status effects
A: permanent stasis, dig shafts and tunnels, antennae 3, four strong arms
a: Dig, Shaft Self, Renounce Religion, Recite, Donate Gold


You were on level 4 of the Dungeon.
You worshipped Zin.
Zin was aware of your devotion.
You visited 2 branches of the dungeon, and saw 6 of its levels.

You collected 120 gold pieces.
You donated 57 gold pieces to Zin.

Inventory:

Hand Weapons
 a - a +0 flail
 t - a +1 flail of holy wrath (weapon)
Missiles
 h - 27 poisoned darts (quivered)
 o - 3 atropa-tipped darts
Armour
 c - a +0 buckler (worn)
 f - a +0 cloak (worn)
 x - a +0 plate armour (worn)
Jewellery
 d - a ring of flight
 s - an amulet of the acrobat (around neck)
Wands
 p - a wand of flame (25)
 r - a wand of polymorph (5)
Scrolls
 i - 5 scrolls of teleportation {unknown}
 j - a scroll of silence {unknown}
 k - a scroll of immolation {unknown}
 l - a scroll of identify {unknown}
 m - a scroll of acquirement {unknown}
 q - a scroll of fog {unknown}
 w - a scroll of amnesia {unknown}
 y - a scroll of blinking {unknown}
Potions
 b - a potion of ambrosia {unknown}
 e - a potion of brilliance {unknown}
 g - 3 potions of curing {unknown}
 n - a potion of resistance {unknown}
 u - a potion of cancellation {unknown}
 v - a potion of invisibility {unknown}


   Skills:
 - Level 3.2 Fighting
 * Level 6.4 Maces & Flails
 - Level 3.2 Armour
 - Level 3.6 Shields
 + Level 1.6 Invocations


You had 5 spell levels left.
You didn't know any spells.
Your spell library contained the following spells:

 Spells                   Type           Power      Damage    Failure   Level
 Ensorcelled Hibernation  Hex/Ice        0%         N/A       100%        2
 Spider Form              Tmut/Pois      0%         N/A       100%        3


Dungeon Overview and Level Annotations

Branches:
Dungeon (5/15)             Temple (1/1) D:4

Altars:
Cheibriados
Dithmenos
Elyvilon
Fedhas
Gozag
Hepliaklqana
Kikubaaqudgha
Makhleb
Nemelex Xobeh
Okawaru
Qazlal
Ru
Sif Muna
Trog
Uskayaw
Vehumet
Wu Jian
Xom
Yredelemnul
Zin
The Shining One


Innate Abilities, Weirdness & Mutations

You cannot be hasted, slowed, berserked, paralysed or teleported.
You can dig through walls and to a lower floor.
You have a pair of large antennae on your head. (SInv)
Your four strong arms can wield two-handed weapons with a shield.


Message History

Okay, then.
Aiming: Throw Flame
Press: ? - help, Shift-Dir - straight line, f/p - yak
Aim: a yak (lightly wounded, very poisoned, 81% to hit)
The puff of flame hits the yak.
The yak is moderately wounded.
You hit the yak.
The yak is moderately wounded.
The yak gores you!
You sock the yak!
The yak is heavily wounded.
The yak gores you!
* * * LOW HITPOINT WARNING * * *
You barely miss the yak.
The yak is heavily wounded.
The yak looks more healthy.
You closely miss the yak.
The yak is lightly wounded.
A water moccasin skeleton comes into view.
There is a stone staircase leading up here.
You hit the yak but do no damage.
The yak is lightly wounded.
The yak looks more healthy.
The yak gores you!
* * * LOW HITPOINT WARNING * * *
You climb upwards.
There is a stone staircase leading down here.
Okay, then.
There is an escape hatch in the ceiling here.
You thump the yak!
The yak is moderately wounded.
The yak gores you.
* * * LOW HITPOINT WARNING * * *
You hit the yak but do no damage.
The yak is moderately wounded.
The yak gores you!
* * * LOW HITPOINT WARNING * * *
You hit the yak.
The yak is heavily wounded.
The yak gores you but does no damage. The yak gores you!
You die...

.## ##.#####.## ###...
..#####..##..## ###..##.
#..##........# #..#####
##..#####....####### #..## #
##### ##..........# #####..####
.#######.##..#.###.####...##..##.
..##.##.#..#...###.....##..##....
..##.#.###.#........##.###.###..#
...#..####.#....@...#...###.#####
......#.##.....Y##..#.8.# #..#
###...##........##..#...###..#
##............##...###.###..##
.....>........##...#8...8#..#####
#.#.####...........#.....#####...
#.##.###...........#..>..# #....
#.#...#............#.....# #....
..###..........##..#8...8####....


You could see a yak.

Vanquished Creatures
  A scorpion (D:4)
  A jelly (D:4)
  A hound skeleton (D:4)
  Robin (D:2)
  A howler monkey zombie (D:3)
  7 gnolls
  4 adders
  An adder skeleton (D:4)
  2 worms (D:3)
  6 ball pythons
  4 bats
  3 endoplasms
  6 giant cockroaches
  17 goblins
  7 hobgoblins
  4 jackals
  7 kobolds
  4 quokkas
  A frilled lizard (D:3)
  8 rats
86 creatures vanquished.

Notes
Turn   | Place    | Note
-------+----------+-------------------------------------------
     0 | D:1      | Grim the Formicid Fighter began the quest for the Orb.
     0 | D:1      | Reached XP level 1. HP: 18/18 MP: 1/1
    95 | D:1      | Reached XP level 2. HP: 24/24 MP: 2/2
   323 | D:1      | Reached skill level 3 in Maces & Flails
   509 | D:1      | Reached XP level 3. HP: 29/29 MP: 3/3
  1125 | D:2      | Noticed Robin
  1368 | D:1      | Reached skill level 4 in Maces & Flails
  1368 | D:1      | Reached XP level 4. HP: 28/35 MP: 4/4
  1461 | D:2      | Killed Robin
  1726 | D:2      | Reached XP level 5. HP: 37/41 MP: 5/5
  1908 | D:2      | Found a shimmering altar of Xom.
  2175 | D:3      | Reached skill level 5 in Maces & Flails
  2892 | D:3      | Reached XP level 6. HP: 46/46 MP: 6/6
  3245 | D:4      | Found a staircase to the Ecumenical Temple.
  3297 | Temple   | Entered the Ecumenical Temple
  3545 | Temple   | Became a worshipper of Zin the Law-Giver
  3546 | Temple   | Donated 45 gold pieces to Zin
  3581 | D:4      | Reached skill level 6 in Maces & Flails
  3588 | D:4      | Reached * piety under Zin
  3702 | D:4      | Reached skill level 1 in Invocations
  4084 | D:4      | Identified the +1 hat "Ledul" {Slay+3}
  4528 | D:5      | Entered Level 5 of the Dungeon
  4533 | D:5      | Noticed a yak
  4533 | D:5      | Noticed a yak
  4535 | D:5      | Noticed a yak
  4563 | D:4      | Mangled by a yak

Illustrated notes

Levels and vault maps discovered:
D:1:      psy_arrival_whirlpool, layout_basic, grunt_decor_junction,
          grunt_decor_cap, minmay_misc_feat_five, minmay_misc_feat_plants,
          minmay_misc_feat_more_columns
D:2:      layout_rooms, basic_altar, uniq_robin
D:3:      layout_basic
D:4:      layout_layer_cave, minmay_temple_entry_antechambers
D:5:      nicolae_cairo_tiling_very_big, layout_loops_cross, uniq_eustachio
Temple:   mainiacjoe_temple_hex_bubbles

Skill      XL: |  1  2  3  4  5  6 |
---------------+-------------------+-----
Maces & Flails | 3 4 5 6 |  6.4
Invocations    | 1 |  1.6
Fighting       | |  3.2
Armour         | |  3.2
Shields        | |  3.6

Action                   |  1- 3 |  4- 6 || total
-------------------------+-------+-------++-------
Melee: Flail             |   116 |   172 ||   288
Throw: Dart              |       |    10 ||    10
Invok: Donate Gold       |       |     1 ||     1
 Abil: Dig               |       |     2 ||     2
Evoke: Wand              |       |     1 ||     1
  Use: Potion            |       |     1 ||     1
Armor: Scale mail        |    74 |    58 ||   132
       Plate armour      |       |     9 ||     9
Dodge: Dodged            |    68 |    85 ||   153
Block: Buckler           |    23 |    49 ||    72

Table legend: (Time is in decaauts)
 A = Elapsed time spent in this place.
 B = Non-inter-level travel time spent in this place.
 C = Inter-level travel time spent in this place.
 D = Time resting spent in this place.
 E = Time spent auto-exploring this place.
 F = Levels seen in this place.
 G = Mean time per level.
                   A        B        C        D        E       F      G
               +--------+--------+--------+--------+--------+-----+--------+
         Total |   4619 |   4498 |    121 |    768 |   2798 |   6 |  769.8 |
       Dungeon |   4350 |   4248 |    102 |    768 |   2580 |   5 |  870.0 |
        Temple |    268 |    249 |     19 |      0 |    218 |   1 |  268.0 |
               +--------+--------+--------+--------+--------+-----+--------+

Top non-repeatable levels by time:
     D:4: 1238 daAuts
     D:1: 1191 daAuts
     D:2: 1088 daAuts
     D:3: 809 daAuts
  Temple: 268 daAuts
     D:5: 23 daAuts
